 Dungeon Crawl Stone Soup version 0.19-a0-1834-g6b7851e (webtiles) character file.

254 Zhenya24pyc the Skirmisher (level 6, -2/40 HPs)
             Began as a Gargoyle Fighter on Oct 9, 2016.
             Slain by a yak (7 damage)
             ... on level 3 of the Dungeon.
             The game lasted 00:03:22 (2504 turns).

Zhenya24pyc the Skirmisher (Gargoyle Fighter)       Turns: 2504, Time: 00:03:23

Health: -2/40      AC: 11    Str: 20    XL:     6   Next: 14%
Magic:  6/6        EV:  7    Int:  9    God:
Gold:   226        SH:  9    Dex: 10    Spells: 0 memorised, 5 levels left

rFire  . . .     SeeInvis .     a - +0 flail
rCold  . . .     Gourm    .     b - +0 scale mail
rNeg   + . .     Faith    .     c - +0 shield
rPois  ∞         Spirit   .     (no helmet)
rElec  +         Dismiss  .     (no cloak)
rCorr  .         Reflect  .     (no gloves)
MR     .....     Harm     .     (no boots)
Stlth  ..........               (no amulet)
                                (no ring)
                                (no ring)

@: no status effects
A: negative energy resistance 1, electricity resistance, unbreathing,
petrification resistance, rot immunity, AC +4
a: no special abilities


You were on level 3 of the Dungeon.
You were hungry.

You visited 1 branch of the dungeon, and saw 4 of its levels.

You collected 226 gold pieces.

Inventory:

Hand Weapons
 a - a +0 flail (weapon)
Missiles
 v - 4 tomahawks of returning (quivered)
Armour
 b - a +0 scale mail (worn)
 c - a +0 shield (worn)
Wands
 u - a wand of lightning (9/15)
Scrolls
 e - 2 scrolls of magic mapping {unknown}
 h - 6 scrolls of identify {unknown}
 k - 2 scrolls of noise {unknown}
 m - a scroll of remove curse {unknown}
 r - a scroll of blinking {unknown}
 s - a scroll of fear {unknown}
Potions
 d - a potion of might
 l - 2 potions of haste {unknown}
 n - 2 potions of berserk rage {unknown}
 p - 3 potions of heal wounds
 q - a potion of agility {unknown}
 t - a potion of degeneration {unknown}
Comestibles
 f - 3 bread rations
 g - a meat ration
 i - a royal jelly
 j - 2 beef jerkies
 o - a slice of pizza


   Skills:
 + Level 4.9 Fighting
 * Level 4.3 Maces & Flails
 + Level 4.6 Armour
 - Level 3.2 Shields


You had 5 spell levels left.
You didn't know any spells.

Dungeon Overview and Level Annotations

Branches:
Dungeon (4/15)
 Temple: D:4-7

Altars:


Innate Abilities, Weirdness & Mutations

You are resistant to torment.
Your stone body is resilient. (AC +4)
You are immune to poison.
You resist negative energy. (rN+)
You are resistant to electric shocks. (rElec)
You can survive without breathing.
You are immune to petrification.
You are immune to rotting.


Message History

The yak is severely wounded.
The yak gores you.
* * * LOW HITPOINT WARNING * * *
You block the yak's attack.
You hit the yak but do no damage.
The yak is severely wounded.
The yak gores you.
* * * LOW HITPOINT WARNING * * *
You barely miss the yak.
The yak is severely wounded.
You block the yak's attack.
You hit the yak.
The yak is almost dead.
You block the yak's attack.
You barely miss the yak.
The yak is almost dead.
The yak gores you.
* * * LOW HITPOINT WARNING * * *
The yak gores you!
You die...

#......#...# #..........####
#>...........>####
##...#...........######
##.##................#
##.####...#...######.# #..#
#...##a## #.# #.## ######Y#
#.###### #.# #@# #......### #.#
##'## #.####.... #.# ##.(.## #.#
###''# #.## ##..(..## #.###..†..
#..## ##.......## #...#.#.##
#####...####.........####..'.#...
...........'.........'.....'....#
#####...####.........##....#.##.#
#####..######.......###....#.....


You could see a yak and a worker ant.

Vanquished Creatures
  A scorpion (D:4)
  Terence (D:3)
  Natasha (thrice) (D:3)
  5 adders (D:2)
  2 worms (D:2)
  2 dart slugs (D:1)
  6 orcs
  3 giant cockroaches
  7 goblins
  2 hobgoblins
  2 jackals (D:3)
  A quokka (D:2)
  A ball python (D:3)
  6 bats
  3 frilled lizards (D:2)
  4 kobolds
  7 rats
56 creatures vanquished.

Notes
Turn   | Place    | Note
-------+----------+-------------------------------------------
     0 | D:1      | Zhenya24pyc the Gargoyle Fighter began the quest for the Orb.
     0 | D:1      | Reached XP level 1. HP: 14/14 MP: 1/1
   321 | D:1      | Reached XP level 2. HP: 15/19 MP: 2/2
   751 | D:2      | Reached XP level 3. HP: 23/24 MP: 3/3
  1016 | D:2      | Reached XP level 4. HP: 25/29 MP: 4/4
  1322 | D:3      | Noticed Natasha
  1333 | D:3      | Killed Natasha
  1575 | D:3      | Noticed Natasha
  1587 | D:3      | Killed Natasha
  1587 | D:3      | Reached XP level 5. HP: 26/34 MP: 5/5
  1715 | D:3      | Noticed Terence
  1731 | D:3      | Killed Terence
  2090 | D:3      | Noticed Natasha
  2106 | D:3      | Killed Natasha
  2440 | D:4      | Reached XP level 6. HP: 33/40 MP: 6/6
  2475 | D:4      | Noticed a yak
  2477 | D:4      | Noticed a yak
  2480 | D:4      | Noticed a yak
  2504 | D:3      | Slain by a yak

Vault maps used:
D:1:      elethiomel_arrival_quiet
D:2:      minmay_misc_feat_tower
D:3:      serial_aquarium, aquarium_bridge_square, aquarium_window_3,
          aquarium_window_fake, aquarium_window_1, aquarium_window_1,
          aquarium_view_2a, aquarium_balcony_5b, kennysheep_generic_room_12,
          uniq_terence, uniq_natasha
D:4:      first_bread

Skill      XL: |  1  2  3  4  5 |
---------------+----------------+-----
Fighting       | 4 |  4.9
Armour         | 4 |  4.6
Maces & Flails | 3 4 |  4.3
Shields        | |  3.2

Action                   |  1- 3 |  4- 6 || total
-------------------------+-------+-------++-------
Melee: Flail             |   113 |   162 ||   275
  Eat: Chunk             |       |     5 ||     5
Armor: Scale mail        |    61 |    98 ||   159
Dodge: Dodged            |    32 |    63 ||    95
Block: Shield            |    75 |    77 ||   152
